 Dungeon Crawl Stone Soup version 0.17.0-22-g5edae84 (webtiles) character file.

107 medrebel the Sneak (level 4, -3/33 HPs)
             Began as a Vampire Assassin on Nov 12, 2015.
             Killed by static electricity
             ... invoked by an insubstantial wisp
              (9 damage)
             ... on level 1 of the Abyss.
             The game lasted 00:08:38 (2226 turns).

medrebel the Sneak (Vampire Assassin)               Turns: 2226, Time: 00:08:38

Health: -3/33      AC:  3    Str: 10    XL:     4   Next: 57%
Magic:  4/4        EV: 12    Int: 13    God:
Gold:   154        SH:  0    Dex: 16    Spells: 0 memorised, 3 levels left

rFire  x . .     SeeInvis +     x - +7 club
rCold  + + .     Clarity  .     c - +0 robe
rNeg   + + .     SustAt   .     (no shield)
rPois  +         Gourm    .     (no helmet)
rElec  .         Spirit   .     d - +0 cloak
rCorr  .         Warding  .     (no gloves)
rMut   .         Stasis   +     (no boots)
MR     .....                    A - amulet of stasis
Stlth  ++++......               (no ring)
                                k - ring of ice

@: regenerating slowly, not resistant to hostile enchantments, stealthy
A: fangs 3, see invisible, unbreathing
a: Bat Form


You were on level 1 of the Abyss.
You were thirsty.

You visited 1 branch of the dungeon, and saw 3 of its levels.
You visited the Abyss 1 time.

You collected 154 gold pieces.

Inventory:

Hand Weapons
 a - a +2 dagger
 b - a +0 blowgun
 x - a +7 club (weapon)
 B - a +0 rapier of draining
Missiles
 e - 23 poisoned needles
 f - 2 curare-tipped needles (quivered)
Armour
 c - a +0 robe (worn)
 d - a +0 cloak (worn)
Jewellery
 h - an uncursed amulet of resist mutation
 k - a ring of ice (left hand)
 A - an amulet of stasis (around neck)
Scrolls
 i - 2 scrolls of identify
 l - 2 scrolls of remove curse {unknown}
 o - 3 scrolls of recharging {unknown}
 p - a scroll of noise {unknown}
 r - a scroll of immolation {unknown}
 t - a scroll of fear {unknown}
 u - a scroll of enchant armour {unknown}
 w - 2 scrolls of teleportation {unknown}
 y - a scroll of magic mapping {unknown}
Potions
 g - 2 potions of lignification {unknown}
 j - a potion of ambrosia {unknown}
 m - a potion of magic {unknown}
 n - a potion of haste {unknown}
 q - 11 potions of blood
 v - a potion of cancellation {unknown}
Books
 s - a book of Callings

   Spells                             Type                      Level
   a - Summon Small Mammal            Summoning                    1
   b - Call Imp                       Summoning                    2
   c - Call Canine Familiar           Summoning                    3
   d - Summon Guardian Golem          Hexes/Summoning              3
   e - Summon Lightning Spire         Summoning/Air                4
   f - Summon Ice Beast               Ice/Summoning                4
 z - a book of Minor Magic

   Spells                             Type                      Level
   a - Magic Dart                     Conjuration                  1
   b - Blink                          Translocation                2
   c - Call Imp                       Summoning                    2
   d - Repel Missiles                 Charms/Air                   2
   e - Slow                           Hexes                        2
   f - Conjure Flame                  Conjuration/Fire             3
   g - Mephitic Cloud                 Conjuration/Poison/Air       3


   Skills:
 - Level 1.7 Fighting
 + Level 5.2 Short Blades
 - Level 1.5 Throwing
 - Level 1.1 Dodging
 - Level 6.0 Stealth


You had 3 spell levels left.
You didn't know any spells.

Dungeon Overview and Level Annotations

Branches:
Dungeon (3/15)

Altars:
Cheibriados
Nemelex Xobeh
Okawaru
Zin

Annotations:
D:3 Terence


Innate Abilities, Weirdness & Mutations

You heal slowly.
You have razor-sharp teeth.
You have supernaturally acute eyesight.
You can survive without breathing.


Message History

You are cast into the Abyss!
To return, you must find a gate leading back.
Welcome to the Abyss!
This branch contains the abyssal rune of Zot.
You start resting. 5 insubstantial wisps come into view.
Found a glowing bronze wand.
You start resting.
The insubstantial wisp gives a chilling moan.
Found a glowing rapier.
Found a corrupted altar of Lugonu.
Press: ? - help, v - describe, . - travel A corrupted altar of Lugonu.
A hellwing comes into view.
You see here a glowing rapier.
B - a glowing rapier You fail to use your ability.
The insubstantial wisp thrums sharply.
You are struck by lightning.
You die...

.. . #. ##. # #.. .##
#.# ..# .# #.###..# .
#@#...# .. ...###v#.#
## ## ..
.........###.# ....
._.....##...#. ##....
...... ##....#
.....♣♣♣♣♣...#.####.#
....♣...##..# ..
....♣ ♣ ♣...#.### . #
§§.v ♣....♣....#


You could see an insubstantial wisp.

Vanquished Creatures
  Jessica (D:2)
  2 adders
  An ooze (D:1)
  3 worms
  2 giant geckos (D:2)
  An orc (D:3)
  4 bats
  7 giant cockroaches
  6 hobgoblins
  6 kobolds
  A giant newt (D:1)
  9 goblins
  A quokka (D:2)
  2 rats
46 creatures vanquished.

Notes
Turn   | Place    | Note
--------------------------------------------------------------
     0 | D:1      | medrebel the Vampire Assassin began the quest for the Orb.
     0 | D:1      | Reached XP level 1. HP: 16/16 MP: 1/1
    14 | D:1      | Reached skill level 6 in Stealth
   351 | D:1      | Reached XP level 2. HP: 22/22 MP: 2/2
   851 | D:2      | Reached XP level 3. HP: 20/27 MP: 3/3
  1005 | D:2      | Found an iron altar of Okawaru.
  1192 | D:2      | Found a snail-covered altar of Cheibriados.
  1194 | D:2      | Found a glowing silver altar of Zin.
  1406 | D:2      | Noticed Jessica
  1412 | D:2      | Killed Jessica
  1412 | D:2      | Reached XP level 4. HP: 33/33 MP: 4/4
  1436 | D:2      | Found a sparkling altar of Nemelex Xobeh.
  1605 | D:3      | Reached skill level 5 in Short Blades
  2177 | D:3      | Noticed Terence
  2183 | D:3      | Cast into the Abyss (Terence)
  2202 | Abyss:1  | Noticed an insubstantial wisp
  2202 | Abyss:1  | Noticed an insubstantial wisp
  2202 | Abyss:1  | Noticed an insubstantial wisp
  2202 | Abyss:1  | Noticed an insubstantial wisp
  2202 | Abyss:1  | Noticed an insubstantial wisp
  2213 | Abyss:1  | Found a corrupted altar of Lugonu.
  2217 | Abyss:1  | Noticed a hellwing
  2226 | Abyss:1  | Killed from afar by an insubstantial wisp

Action                   |  1- 3 |  4- 6 || total
-------------------------+-------+-------++-------
Melee: Dagger            |    86 |       ||    86
       Club              |       |    36 ||    36
  Use: Potion            |     1 |     2 ||     3
       Scroll            |     1 |       ||     1
 Stab: Sleeping          |    10 |     3 ||    13
